 Dungeon Crawl Stone Soup version 0.31-a0-319-g4fced400ed (console) character file.

Game seed: 5544779369258031212

19303 petzl the Covert (level 13, -7/90 HPs)
             Began as a Formicid Delver on July 17, 2023.
             Was a High Priest of Vehumet.
             Mangled by a two-headed ogre
             ... wielding a +0 giant club
              (15 damage)
             ... on level 15 of the Dungeon on July 19, 2023.
             The game lasted 01:32:14 (14002 turns).

petzl the Covert (Formicid Delver)                 Turns: 14002, Time: 01:32:15

Health: -7/90      AC: 18    Str: 17    XL:     13   Next: 3%
Magic:  3/33       EV: 16    Int: 17    God:    Vehumet [*****.]
Gold:   610        SH:  8    Dex: 21    Spells: 5/27 levels left

rFire   . . .        N - +1 mace (protect)
rCold   . . .        d - +1 buckler {reflect}
rNeg    + . .        O - +8 scale mail of Lotab {+Blink rN+ MP+9 Int+2}
rPois   .            (helmet unavailable)
rElec   .            (no cloak)
rCorr   .            z - +0 pair of gloves
SInv    +            A - +0 pair of boots
Will    +....        J - amulet of faith
Stlth   +++          q - +6 ring of dexterity
HPRegen 0.35/turn    p - +5 ring of evasion
MPRegen 0.23/turn

%: reflection, faith
@: no status effects
A: permanent stasis, dig shafts and tunnels, antennae 3, four strong arms
a: Dig, Shaft Self, Renounce Religion


You were on level 15 of the Dungeon.
You worshipped Vehumet.
Vehumet was extremely pleased with you.
You visited 2 branches of the dungeon, and saw 15 of its levels.

You collected 610 gold pieces.

Inventory:

Hand Weapons
 a - a +5 hand crossbow of freezing
 b - a +4 scimitar
 c - a +1 vampiric falchion
 f - a +2 short sword of flaming
 N - a +1 mace of protection (weapon)
 R - a +0 spear of venom {!f =f}
 S - a +2 falchion of holy wrath
Missiles
 r - a silver javelin
 y - 4 curare-tipped darts (quivered)
 D - 39 poisoned darts
Armour
 d - a +1 buckler of reflection (worn)
 i - a +0 leather armour of fire resistance
 z - a +0 pair of gloves (worn)
 A - a +0 pair of boots (worn)
 I - a +0 leather armour of cold resistance
 O - the +8 scale mail of Lotab (worn) {+Blink rN+ MP+9 Int+2}
   (You found it on level 7 of the Dungeon)

   Int:       It affects your intelligence (+2).
   rN:        It protects you from negative energy.
   MP:        It affects your magic capacity (+9).
   +Blink:    It lets you blink.
Jewellery
 p - a +5 ring of evasion (right hand)
 q - a +6 ring of dexterity (left hand)
 w - an amulet of magic regeneration
 G - an amulet of guardian spirit
 J - an amulet of faith (around neck)
Talismans
 P - a granite talisman
Wands
 h - a wand of mindburst (12)
 l - a wand of flame (33)
 H - a wand of polymorph (3)
Scrolls
 e - 4 scrolls of fear
 j - 3 scrolls of vulnerability
 n - a scroll of enchant armour
 t - 2 scrolls of poison
 B - 2 scrolls of identify
 F - 2 scrolls of immolation
 K - 2 scrolls of fog
 T - a scroll of enchant weapon
Potions
 g - a potion of enlightenment {unknown}
 k - 4 potions of cancellation {unknown}
 m - a potion of magic {unknown}
 s - 2 potions of haste {unknown}
 u - 2 potions of lignification {unknown}
 v - 2 potions of mutation {unknown}
 x - a potion of attraction {unknown}
 C - a potion of ambrosia {unknown}
 E - a potion of invisibility {unknown}
 L - a potion of resistance {unknown}
 M - a potion of might {unknown}
 Q - a potion of heal wounds {unknown}


   Skills:
 - Level 4.5 Fighting
 - Level 2.5 Long Blades
 - Level 2.0 Maces & Flails
 - Level 5.6 Ranged Weapons
 + Level 7.5 Armour
 - Level 3.0 Dodging
 - Level 8.2 Stealth
 + Level 7.1 Shields
 - Level 7.5 Spellcasting
 - Level 7.7 Conjurations
 * Level 6.7 Translocations
 - Level 1.5 Fire Magic
 - Level 6.0 Ice Magic
 - Level 3.0 Air Magic
 - Level 3.3 Earth Magic
 - Level 6.2 Poison Magic


You had 5 spell levels left.
You knew the following spells:

 Your Spells              Type           Power      Damage    Failure   Level
a - Stone Arrow           Conj/Erth      50%        3d10      3%          3
b - Hailstorm             Conj/Ice       29%        3d8       1%          3
m - Mephitic Cloud        Conj/Pois/Air  25%        N/A       3%          3
p - Passage of Golubria   Tloc           29%        N/A       24%         4
q - Inner Flame           Hex/Fire       9%         N/A       22%         3
A - Apportation           Tloc           58%        N/A       2%          1
F - Freeze                Ice            100%       1d10      1%          1
T - Olgreb's Toxic Radia  Pois           27%        N/A       8%          4

Your spell library contained the following spells:

 Spells                   Type           Power      Damage    Failure   Level
 Lee's Rapid Deconstruct  Erth           8%         3d7*      54%         5
 Magic Dart               Conj           100%       1d8       1%          1
 Frozen Ramparts          Ice            52%        1d8       2%          3
 Portal Projectile        Hex/Tloc       34%        N/A       28%         3
 Necrotise                Necr           24%        1d5       36%         1
 Summon Small Mammal      Summ           24%        N/A       36%         1
 Call Imp                 Summ           12%        N/A       52%         2
 Call Canine Familiar     Summ           6%         N/A       75%         3
 Tukima's Dance           Hex            6%         N/A       75%         3
 Leda's Liquefaction      Hex/Erth       6%         N/A       89%         4
 Yara's Violent Unravell  Hex/Tmut       3%         3d4       92%         5
 Conjure Ball Lightning   Conj/Air       12%        3x3d6     82%         6
 Discord                  Hex            3%         N/A       100%        8
 Disjunction              Tloc           14%        N/A       100%        8


Dungeon Overview and Level Annotations

Branches:
Dungeon (15/15)            Temple (1/1) D:5            Lair (0/5) D:9
    Orc (0/2) D:11         Depths (0/4) D:15
 Vaults: D:13-14

Altars:
Ashenzari
Cheibriados
Dithmenos
Elyvilon
Fedhas
Gozag
Hepliaklqana
Kikubaaqudgha
Makhleb
Nemelex Xobeh
Okawaru
Qazlal
Ru
Sif Muna
Trog
Uskayaw
Vehumet
Wu Jian
Xom
Yredelemnul
Zin
The Shining One

Shops:
D:6 [

Annotations:
D:3 Grinder
D:5 Duvessa, Edmund
D:6 exclusion: door
D:7 exclusion: downstairs
D:8 exclusion: upstairs
D:9 3 runed translucent doors, Rudyous's ghost, novice OpFE
D:10 exclusion: 2 downstairs
D:11 exclusion: 2 skeletal warriors
D:14 Lodul; Nessos
D:15 exclusion: 2 sensed monsters (detected)


Innate Abilities, Weirdness & Mutations

You cannot be hasted, slowed, berserked, paralysed or teleported.
You can dig through walls and to a lower floor.
You have a pair of large antennae on your head. (SInv)
Your four strong arms can wield two-handed weapons with a shield.


Message History

Confirm with . or Enter, or press ? or * to list all spells.
Aiming: Stone Arrow (mildly dangerous; 3% risk of failure)
Press: ? - help, Shift-Dir - straight line, f - vampire mosquito
Aim: a vampire mosquito (severely damaged, 53% to hit)
The stone arrow hits the vampire mosquito!!
You destroy the vampire mosquito!
Vehumet accepts your kill.
You feel your power returning.
The two-headed ogre completely misses you.
The two-headed ogre hits you but does no damage.
Okay, then.
Okay, then.
Unknown command.
Casting: Stone Arrow (mildly dangerous; 3% risk of failure)
Confirm with . or Enter, or press ? or * to list all spells.
Okay, then.
Casting: Stone Arrow (mildly dangerous; 3% risk of failure)
Confirm with . or Enter, or press ? or * to list all spells.
Aiming: Passage of Golubria (dangerous; 24% risk of failure)
Press: ? - help, Dir - move target The two-headed ogre closely misses you.
The two-headed ogre hits you with a +0 giant spiked club!
* * * LOW HITPOINT WARNING * * *
Okay, then.
Aiming: Mindburst
Press: ? - help, Shift-Dir - straight line, f - two-headed ogre
Aim: a two-headed ogre, wielding a +0 giant club and a +0 giant spiked club (severely wounded, fast, chance to affect: 47%)
Okay, then.
Unknown command.
Throw: 5 darts (curare)
Press: ? - help, Q - select action, (/) - cycle Shift-Dir - straight line, f - two-headed ogre
Aim: a two-headed ogre, wielding a +0 giant club and a +0 giant spiked club (severely wounded, fast, 76% to hit)
You throw a curare-tipped dart.
The curare-tipped dart hits the two-headed ogre.
The two-headed ogre is poisoned.
The two-headed ogre convulses.
The two-headed ogre seems to slow down.
The two-headed ogre is almost dead.
The two-headed ogre attacks as you move away!
The two-headed ogre hits you with a +0 giant club!
You die...

. .. #. ###.#### #......## # #......
######## .# #...... ######.O..).#
###.##### # #....<.
#...##.####)#######.....O.###.#...(..
#.#........†(O(^.##.### {.......##
#...##.####.##@^......## ##......##
##.###.# #.##.....)...# ##.......
.... #.. ..#####.#....# #...####
.##.#.######## #.#.#<(##.# #...#### #
#.#.# #.#.......# #...#... ..# #
#.##.#.#### #<..#.## ## #.##.#.# #..
#. #.##.#{# .. {.. #.#.O ... #.###
....## ..# ...#... .## #...#### {
##### #.<.# #........# #...###.##
.....


You could see a two-headed ogre (fast, very poisoned, slow).

Vanquished Creatures
  A hydra (D:8)
  An ogre mage (D:15)
  2 two-headed ogres (D:15)
  2 centaur warriors
  2 skeletal warriors
  3 ugly things (D:15)
  3 centaur zombies (D:10)
  A torpor snail (shapeshifter) (D:8)
  A gargoyle (D:8)
  2 kobold demonologists (D:12)
  A komodo dragon (D:10)
  A troll (D:8)
  Prince Ribbit (D:7)
  2 hornets (D:8)
  A meliai zombie (D:10)
  A slime creature (D:8)
  A shadow (D:10)
  A wraith (D:9)
  3 humans (D:14)
  A wyvern (D:9)
  24 yaks
  4 vampire mosquitoes
  A steam dragon (D:8)
  2 wargs (D:9)
  2 acid dragons
  3 water moccasins
  3 ice beasts
  2 orc warriors
  A sky beast (D:5)
  2 ogres
  A black bear (D:8)
  A centaur (D:9)
  A phantom (D:6)
  7 kobold brigands
  A gnoll sergeant (D:10)
  2 necrophages (D:10)
  4 bullfrogs
  2 scorpions
  19 wights
  2 killer bees
  5 electric eels
  2 howler monkeys
  A human zombie (D:10)
  3 hounds
  4 orc priests
  2 sleepcaps (D:5)
  2 iguanas
  Natasha (thrice) (D:2)
  4 orc wizards
  2 mummies (D:10)
  A howler monkey zombie (D:10)
  7 gnolls
  7 adders
  3 white imps
  7 worms
  A dart slug (D:3)
  22 orcs
  7 ball pythons
  9 endoplasms
  9 hobgoblins
  2 jackals (D:2)
  2 quokkas
  4 bats
  4 frilled lizards
  6 goblins
  28 kobolds
  6 rats
268 creatures vanquished.

Vanquished Creatures (collateral kills)
  Maggie (D:7)
  A killer bee (D:11)
2 creatures vanquished.

Vanquished Creatures (others)
  A killer bee (D:11)
  An adder (D:3)
2 creatures vanquished.

Grand Total: 272 creatures vanquished

Notes
Turn   | Place    | Note
-------+----------+-------------------------------------------
     0 | D:5      | petzl the Formicid Delver began the quest for the Orb.
     0 | D:5      | Reached XP level 1. HP: 18/18 MP: 1/1
     4 | D:6      | Noticed a phantom
    45 | D:4      | Found a hazy altar of Hepliaklqana.
    45 | D:4      | Found a snail-covered altar of Cheibriados.
    83 | D:5      | Noticed Duvessa
   113 | D:5      | Found a staircase to the Ecumenical Temple.
   122 | Temple   | Entered the Ecumenical Temple
   193 | Temple   | Became a worshipper of Vehumet
   420 | D:4      | Learned a level 1 spell: Freeze
   428 | D:3      | Noticed Natasha
   452 | D:3      | Noticed Grinder
   528 | D:2      | Reached skill level 1 in Spellcasting
   590 | D:1      | Reached XP level 2. HP: 24/24 MP: 3/3
   815 | D:1      | Reached skill level 1 in Ice Magic
   848 | D:1      | Reached XP level 3. HP: 29/29 MP: 5/5
  1120 | D:1      | Reached * piety under Vehumet
  1120 | D:1      | Offered knowledge of Sandblast by Vehumet.
  1359 | D:2      | Reached XP level 4. HP: 14/35 MP: 7/7
  1441 | D:2      | Found a faded altar of an unknown god.
  1840 | D:2      | Killed Natasha
  1852 | D:2      | Noticed Natasha
  1857 | D:2      | Killed Natasha
  1858 | D:2      | Reached XP level 5. HP: 41/41 MP: 8/10
  2038 | D:2      | Noticed Natasha
  2049 | D:2      | Killed Natasha
  2205 | D:3      | Reached XP level 6. HP: 25/47 MP: 10/12
  2419 | D:3      | Learned a level 3 spell: Hailstorm
  2474 | D:3      | Reached ** piety under Vehumet
  2474 | D:3      | Offered knowledge of Searing Ray by Vehumet.
  3292 | D:4      | Reached skill level 5 in Spellcasting
  3292 | D:4      | Reached skill level 1 in Conjurations
  3454 | D:5      | Reached XP level 7. HP: 52/52 MP: 14/14
  3896 | D:5      | Found an ancient bone altar of Kikubaaqudgha.
  4102 | D:5      | Noticed Edmund
  4435 | D:6      | Reached XP level 8. HP: 58/58 MP: 16/18
  4468 | D:6      | Learned a level 1 spell: Apportation
  4871 | D:6      | Reached skill level 1 in Armour
  4953 | D:6      | Reached skill level 1 in Long Blades
  5008 | D:6      | Found Urhaluh's Armour Emporium.
  5086 | D:6      | Offered knowledge of Inner Flame by Vehumet.
  5091 | D:6      | Learned a level 3 spell: Inner Flame
  5587 | D:6      | Found a glowing golden altar of the Shining One.
  5964 | D:7      | Reached skill level 1 in Fire Magic
  5964 | D:7      | Reached XP level 9. HP: 50/62 MP: 15/19
  6078 | D:7      | Noticed Prince Ribbit
  6107 | D:9      | Noticed a hornet
  6124 | D:8      | Killed a hornet
  6438 | D:6      | Reached skill level 1 in Ranged Weapons
  7041 | D:7      | Noticed Maggie
  7050 | D:7      | Killed Maggie
  7054 | D:7      | Your ally Prince Ribbit died
  7054 | D:7      | Reached *** piety under Vehumet
  7273 | D:7      | Identified the +8 scale mail of Lotab {+Blink rN+ MP+9
                  | Int+2}
  7839 | D:8      | Reached skill level 5 in Ranged Weapons
  7839 | D:8      | Reached XP level 10. HP: 42/72 MP: 21/21
  7948 | D:8      | Reached skill level 5 in Ice Magic
  7982 | D:8      | Identified a scroll of acquirement
  7983 | D:8      | Acquired a +3 hand crossbow of freezing
  8059 | D:8      | Reached skill level 5 in Conjurations
  8416 | D:8      | Offered knowledge of Olgreb's Toxic Radiance by Vehumet.
  8422 | D:8      | Learned a level 4 spell: Olgreb's Toxic Radiance
  8715 | D:8      | You fall into a shaft and drop 2 floors!
  8715 | D:10     | Entered Level 10 of the Dungeon
  8894 | D:10     | Noticed a komodo dragon
  8948 | D:8      | You fall into a shaft and drop 3 floors!
  8996 | D:11     | Noticed a komodo dragon
  9036 | D:11     | Noticed a centaur warrior
  9041 | D:11     | Noticed a skeletal warrior
  9041 | D:11     | Noticed a skeletal warrior
  9041 | D:11     | Noticed a skeletal warrior
  9151 | D:10     | Learned a level 3 spell: Mephitic Cloud
  9228 | D:10     | Found a burning altar of Makhleb.
  9267 | D:10     | Reached skill level 1 in Poison Magic
  9394 | D:10     | Killed a komodo dragon
  9394 | D:10     | Reached **** piety under Vehumet
  9395 | D:10     | Reached skill level 1 in Shields
  9395 | D:10     | Reached skill level 1 in Air Magic
  9939 | D:8      | Reached XP level 11. HP: 68/76 MP: 22/22
  9969 | D:8      | Found a shadowy altar of Dithmenos.
 10101 | D:8      | Offered knowledge of Stone Arrow by Vehumet.
 10106 | D:8      | Learned a level 3 spell: Stone Arrow
 10199 | D:8      | Found a stormy altar of Qazlal.
 10337 | D:8      | Noticed a seven-headed hydra
 10345 | D:8      | You fall into a shaft and drop 2 floors!
 10540 | D:8      | Reached skill level 7 in Stealth
 10563 | D:8      | Reached skill level 1 in Earth Magic
 10582 | D:8      | Reached skill level 5 in Poison Magic
 10706 | D:8      | Noticed a five-headed hydra
 10715 | D:8      | You fall into a shaft and drop 1 floor!
 10939 | D:8      | Killed a five-headed hydra
 11126 | D:9      | Found a staircase to the Lair.
 11269 | D:9      | Reached skill level 8 in Stealth
 11544 | D:9      | Found a runed translucent gate.
 11544 | D:9      | Found a runed translucent gate.
 11544 | D:9      | Found a runed translucent gate.
 11546 | D:9      | Noticed Rudyous's ghost (novice OpFE)
 11570 | D:9      | Learned a level 4 spell: Passage of Golubria
 11595 | D:9      | Found a bloodstained altar of Trog.
 12228 | D:10     | Reached ***** piety under Vehumet
 12229 | D:10     | Offered knowledge of Lee's Rapid Deconstruction by Vehumet.
 12368 | D:10     | Reached skill level 5 in Shields
 12370 | D:10     | Reached XP level 12. HP: 84/84 MP: 21/23
 12572 | D:10     | Reached skill level 1 in Translocations
 12589 | D:10     | Reached skill level 5 in Armour
 12706 | D:10     | Found a basalt altar of Yredelemnul.
 12937 | D:11     | Killed a skeletal warrior
 13082 | D:10     | Killed a skeletal warrior
 13172 | D:11     | Killed a centaur warrior
 13304 | D:12     | You fall into a shaft and drop 2 floors!
 13431 | D:15     | Entered Level 15 of the Dungeon
 13431 | D:15     | Noticed a tengu warrior
 13439 | D:14     | You fall into a shaft and drop 1 floor!
 13511 | D:15     | Found a staircase to the Depths.
 13511 | D:15     | Noticed a stone giant
 13528 | D:15     | Reached skill level 5 in Translocations
 13583 | D:15     | Noticed a catoblepas
 13789 | D:14     | Noticed Lodul
 13795 | D:14     | Noticed Nessos
 13802 | D:14     | You fall into a shaft and drop 1 floor!
 13942 | D:15     | Noticed a two-headed ogre
 13944 | D:15     | Noticed an ogre mage
 13950 | D:15     | Noticed a two-headed ogre
 13951 | D:15     | Noticed a two-headed ogre
 13961 | D:15     | Killed an ogre mage
 13970 | D:15     | Noticed a centaur warrior
 13980 | D:15     | Killed a two-headed ogre
 13990 | D:15     | Killed a two-headed ogre
 13993 | D:15     | Killed a centaur warrior
 13994 | D:15     | Reached XP level 13. HP: 16/90 MP: 7/24
 14002 | D:15     | Mangled by a two-headed ogre

Illustrated notes

Levels and vault maps discovered:
D:1:      dpeg_arrival_tiny_c, layout_basic
D:2:      layout_rooms, ebering_ecumenical_altar_mist
D:3:      layout_loops_ring, uniq_natasha, uniq_grinder
D:4:      layout_rooms, nicolae_overflow_hidden_temple,
          kennysheep_generic_room_2
D:5:      layout_cave_pods, lemuel_crystal_altar, minmay_temple_entry_mist,
          dreamdust_mushroom_princess, uniq_duvessa, uniq_edmund
D:6:      layout_gridville, kennysheep_mini_moat, serial_shops,
          nicolae_shop_just_a_little_nook, gup_sewer_entry_glass,
          nrook_pool_corridor, st_stairs_12, serial_bayou_crossing
D:7:      layout_basic, uniq_maggie, uniq_prince_ribbit1
D:8:      layout_basic, kennysheep_diamond, hangedman_feature_mirror,
          minmay_the_grid_2x2 [minmay_the_grid_spin_star, minmay_the_grid_x,
          minmay_the_grid_zigzag_pyramid, minmay_the_grid_prize_inner_circle]
D:9:      layout_stronghold, mainiacjoe_overflow_catwalk,
          erik_lair_orcish_takeover, gammafunk_ghost_spectres, minivault_1
D:10:     layout_loops_ring, lemuel_mausoleum_altar_yredelemnul,
          general_overflow_altar
D:11:     layout_loops_ring, hiddenorc2_lemuel, gammafunk_ghost_necromancy,
          kennysheep_cross_room
D:12:     layout_cross, portal_ice_cave_demonic_guard, uniq_frances
D:14:     layout_cave_pools, david_vaults_3
D:15:     grunt_enter_depths_giant_problem, layout_loops_cross,
          serial_park_tiny_pond, serial_shops, shop, nicolae_uskayaw_dance_hall
Temple:   nicolae_temple_bog_church

Skill      XL: |  1  2  3  4  5  6  7  8  9 10 11 12 |
---------------+-------------------------------------+-----
Spellcasting   | 1 2 3 4 5 6 7 |  7.5
Ice Magic      | 1 2 3 4 6 |  6.0
Conjurations   | 1 3 4 7 |  7.7
Dodging        | 2 3 |  3.0
Armour         | 1 2 3 4 7 |  7.5
Long Blades    | 1 2 |  2.5
Fire Magic     | 1 |  1.5
Fighting       | 4 |  4.5
Ranged Weapons | 5 |  5.6
Poison Magic   | 3 6 |  6.2
Shields        | 1 5 7 |  7.1
Air Magic      | 1 3 |  3.0
Stealth        | 8 |  8.2
Earth Magic    | 3 |  3.3
Translocations | 6 |  6.7
Maces & Flails | |  2.0

Action                     |  1- 3 |  4- 6 |  7- 9 | 10-12 | 13-15 || total
---------------------------+-------+-------+-------+-------+-------++-------
  Melee: Mace              |    84 |       |       |     3 |     3 ||    90
         Falchion          |     2 |   141 |   201 |       |       ||   344
         Punch             |       |     1 |     3 |     3 |       ||     7
         Quarterstaff      |       |       |    21 |       |       ||    21
         Scimitar          |       |       |    18 |   205 |       ||   223
   Fire: Orcbow            |       |       |    36 |     2 |       ||    38
         Hand crossbow     |       |       |       |   110 |       ||   110
  Throw: Javelin           |     1 |    10 |    25 |     1 |       ||    37
         Stone             |       |    10 |    13 |       |       ||    23
         Dart              |       |     5 |     9 |     5 |     1 ||    20
         Throwing net      |       |       |       |     1 |       ||     1
   Cast: Freeze            |       |       |     6 |     1 |       ||     7
         Hailstorm         |       |       |     1 |    43 |       ||    44
         Inner Flame       |       |       |       |     1 |       ||     1
         Olgreb's Toxic Ra |       |       |       |    28 |       ||    28
         Stone Arrow       |       |       |       |    40 |     1 ||    41
         Mephitic Cloud    |       |       |       |     9 |       ||     9
         Passage of Golubr |       |       |       |       |     1 ||     1
Ability: Dig               |     1 |       |       |     4 |       ||     5
         Shaft Self        |       |       |       |     7 |       ||     7
  Evoke: Wand              |     4 |       |     3 |     7 |       ||    14
    Use: Scroll            |       |     3 |     4 |     7 |     1 ||    15
         Potion            |       |     1 |     2 |     3 |       ||     6
   Stab: Sleeping          |    10 |    10 |     1 |     5 |       ||    26
         Confused          |       |       |       |     2 |       ||     2
 Armour: Ring mail         |    33 |    48 |       |       |       ||    81
         Scale mail        |       |       |   142 |   148 |     1 ||   291
  Dodge: Dodged            |    55 |    82 |   157 |   251 |     7 ||   552
  Block: Buckler           |       |       |       |   105 |     2 ||   107
         Reflection        |       |       |       |     5 |       ||     5

Table legend: (Time is in decaauts)
 A = Elapsed time spent in this place.
 B = Non-inter-level travel time spent in this place.
 C = Inter-level travel time spent in this place.
 D = Time resting spent in this place.
 E = Time spent auto-exploring this place.
 F = Levels seen in this place.
 G = Mean time per level.
                   A        B        C        D        E       F      G
               +--------+--------+--------+--------+--------+-----+--------+
         Total |  14329 |  13385 |    944 |   3332 |   4962 |  15 |  955.3 |
       Dungeon |  14241 |  13308 |    933 |   3332 |   4962 |  14 | 1017.2 |
        Temple |     87 |     76 |     11 |      0 |      0 |   1 |   87.0 |
               +--------+--------+--------+--------+--------+-----+--------+

Top non-repeatable levels by time:
     D:8: 2265 daAuts
    D:10: 1834 daAuts
     D:6: 1668 daAuts
     D:9: 1521 daAuts
     D:5: 1252 daAuts
     D:3: 1068 daAuts
     D:7: 1026 daAuts
     D:2: 987 daAuts
     D:4: 765 daAuts
     D:1: 646 daAuts
    D:15: 441 daAuts
    D:11: 439 daAuts
    D:14: 257 daAuts
  Temple: 87 daAuts
    D:12: 67 daAuts
